 Dungeon Crawl Stone Soup version 0.28.0-53-g5a82cb258f (webtiles) character file.

Game seed: 15893247923814460659

5666 Kaptain the Geomancer (level 10, -4/64 HPs)
             Began as a Gargoyle Earth Elementalist on July 12, 2022.
             Slain by a wyvern (9 damage)
             ... on level 8 of the Dungeon.
             The game lasted 00:15:22 (10015 turns).

Kaptain the Geomancer (GrEE)                       Turns: 10015, Time: 00:15:22

Health: -4/64      AC: 12    Str: 19    XL:     10   Next: 75%
Magic:  2/20       EV: 12    Int: 19    God:
Gold:   339        SH:  0    Dex: 16    Spells: 18/22 levels left

rFire   . . .      SeeInvis .   H - +2 rapier (venom)
rCold   . . .      Faith    .   (no shield)
rNeg    + . .      Spirit   .   k - +0 steam dragon scales
rPois   ∞          Reflect  .   m - +1 helmet of Adabboe {Slay+3}
rElec   +          Harm     .   (no cloak)
rCorr   .          Rampage  .   d - +0 pair of gloves
Will    .....                   (no boots)
Stlth   +++.......              (no amulet)
HPRegen 0.20/turn               r - +6 ring of dexterity
MPRegen 0.17/turn               a - +6 ring of strength

@: corroded
A: sickness immunity, AC +7, negative energy resistance 1, electricity
resistance, torment resistance 1, petrification resistance
a: no special abilities


You were on level 8 of the Dungeon.
You visited 1 branch of the dungeon, and saw 8 of its levels.

You collected 339 gold pieces.

Inventory:

Hand Weapons
 n - a +0 hunting sling
 t - a +0 trident
 H - a +2 rapier of venom (weapon)
Missiles
 b - 69 sling bullets
 c - 96 stones
Armour
 d - a +0 pair of gloves (worn)
 k - +0 steam dragon scales (worn)
 m - the +1 helmet of Adabboe (worn) {Slay+3}
   (You took it off Robin on level 3 of the Dungeon)

   Slay:      It affects your accuracy & damage with ranged weapons and melee
   (+3).
 x - the +6 scale mail of Watchfulness {Dex+5}
   (You found it on level 5 of the Dungeon)

   Dex:       It affects your dexterity (+5).
Jewellery
 a - a +6 ring of strength (right hand)
 r - a +6 ring of dexterity (left hand)
 C - a ring of fire
 E - a ring of fire
Wands
 l - a wand of flame (34)
 B - a wand of mindburst (12)
 D - a wand of polymorph (8)
Scrolls
 e - a scroll of fear {unknown}
 f - a scroll of torment {unknown}
 q - a scroll of enchant armour {unknown}
 s - 4 scrolls of identify {unknown}
 v - 3 scrolls of enchant weapon {unknown}
 y - a scroll of acquirement {unknown}
 z - a scroll of fog {unknown}
Potions
 g - a potion of mutation {unknown}
 h - a potion of flight {unknown}
 i - a potion of heal wounds {unknown}
 j - 2 potions of curing
 o - a potion of berserk rage {unknown}
 p - 2 potions of might {unknown}
 w - a potion of lignification {unknown}
 A - a potion of cancellation {unknown}
 F - a potion of attraction {unknown}


   Skills:
 * Level 7.8 Fighting
 + Level 5.3 Armour
 - Level 1.5 Dodging
 - Level 5.0 Stealth
 * Level 6.9 Spellcasting
 * Level 7.7 Conjurations
 - Level 0.7 Transmutations
 * Level 9.4 Earth Magic


You had 18 spell levels left.
You knew the following spells:

 Your Spells              Type           Power      Damage    Failure   Level
a - Sandblast             Erth           84%        2d18      1%          1
b - Stone Arrow           Conj/Erth      78%        3d11      1%          3

Your spell library contained the following spells:

 Spells                   Type           Power      Damage    Failure   Level
 Passwall                 Tmut/Erth      20%        N/A       1%          2
 Beastly Appendage        Tmut           18%        N/A       8%          1
 Wereblood                Tmut           9%         N/A       12%         2
 Petrify                  Tmut/Erth      25%        N/A       13%         4
 Scorch                   Fire           12%        2d6       16%         2
 Flame Wave               Conj/Fire      21%        2d7       21%         4
 Spider Form              Tmut/Pois      7%         N/A       26%         3
 Summon Cactus Giant      Summ           3%         N/A       100%        6


Dungeon Overview and Level Annotations

Branches:
Dungeon (8/15)             Temple (0/1) D:6
   Lair: D:8-11

Altars:
Hepliaklqana
Kikubaaqudgha
Makhleb
Nemelex Xobeh
Okawaru
Trog
Uskayaw
Vehumet
Xom

Annotations:
D:3 1 runed translucent door, crawlogic's ghost, amateur GrFi
D:8 Laubgeist's ghost, novice DrIE


Innate Abilities, Weirdness & Mutations

You are immune to sickness and miasma.
Your stone body is resilient. (AC +7)
You are immune to poison.
You resist negative energy. (rN+)
You are resistant to electric shocks. (rElec)
You are resistant to unholy torment.
You are immune to petrification.


Message History

The jelly is heavily wounded.
The wyvern closely misses you. The kobold brigand barely misses you.
The jelly closely misses you.
The kobold brigand hits you but does no damage.
Laubgeist's ghost freezes you.
You are frozen!
Casting: Stone Arrow (safe; 1% risk of failure)
Confirm with . or Enter, or press ? or * to list all spells.
Aiming: Stone Arrow (safe; 1% risk of failure)
Press: ? - help, Shift-Dir - straight line, f/p - Laubgeist's ghost
Aim: Laubgeist's ghost, wielding a weapon of electrocution (lightly damaged, 67% to hit)
The stone arrow misses Laubgeist's ghost.
The wyvern closely misses you.
The kobold brigand hits you but does no damage.
The wyvern bites you. The jelly hits you but does no damage.
The kobold brigand closely misses you.
Laubgeist's ghost hits you but does no damage.
Casting: Stone Arrow (safe; 1% risk of failure)
Confirm with . or Enter, or press ? or * to list all spells.
Aiming: Sandblast (safe; 1% risk of failure)
Press: ? - help, Shift-Dir - straight line, f - jelly, p - Laubgeist's ghost
Aim: a jelly (heavily wounded, very poisoned, 100% to hit)
The blast of sand hits the jelly!!
You kill the jelly!
The wyvern bites you but does no damage.
The kobold brigand hits you with a +0 dagger.
The kobold brigand hits you with a +1 dagger of venom!
* * * LOW HITPOINT WARNING * * *
Laubgeist's ghost closely misses you.
The kobold brigand hits you with a +0 dagger.
* * * LOW HITPOINT WARNING * * *
The wyvern bites you!
* * * LOW HITPOINT WARNING * * *
There is an open door here.
An ice beast comes into view.
You see here a +0 flail.
You feel better. The wyvern bites you!
* * * LOW HITPOINT WARNING * * *
The wyvern bites you!
You die...

.. #(.##............# .>.
##..##............#
..Y.#...##..##........##
....#...##.)##)........###
.<..'..<#....)).##........
....#..(#.K.[...##...##...
#'## ##.[##KW##..#....# _.
##....##.)##l###..#....# .
#......')..@)(....'....#
#.....##'###......###'##
#.... #..##......# ...
##.. #..##'###...#... #.
#..##.. ...# # #..##.. ..#
#..##... .'. #....... .#.
.....


You could see a wyvern, an ice beast (wandering), 2 kobold brigands and
Laubgeist's ghost.

Vanquished Creatures
  Pikel (D:4)
  11 yaks
  A wyvern (D:7)
  Grum (D:8)
  Eustachio (D:6)
  A steam dragon (D:5)
  An acid dragon (D:7)
  2 water moccasins
  2 orc warriors (D:6)
  A sky beast (D:4)
  A black bear (D:6)
  3 wolves
  2 necrophages (D:6)
  3 centaurs
  3 lemures
  A phantom (D:5)
  7 kobold brigands
  A scorpion (D:7)
  A bullfrog (D:8)
  A jelly (D:8)
  3 killer bees (D:7)
  A centaur skeleton (D:6)
  An orc priest (D:8)
  4 hounds
  6 orc wizards
  An iguana (D:5)
  A killer bee zombie (D:6)
  2 hound zombies (D:5)
  Robin (D:3)
  2 howler monkey skeletons
  3 gnolls (D:8)
  8 adders
  A shadow imp (D:6)
  A white imp (D:5)
  2 worms
  2 dart slugs
  28 orcs
  6 endoplasms
  2 giant cockroaches
  12 goblins
  9 hobgoblins
  3 jackals (D:1)
  6 ball pythons
  5 bats
  11 frilled lizards
  6 kobolds
  7 rats
179 creatures vanquished.

Vanquished Creatures (collateral kills)
  Sigmund (D:4)
1 creature vanquished.

Vanquished Creatures (others)
  2 plants (D:8)
2 creatures vanquished.

Grand Total: 182 creatures vanquished

Notes
Turn   | Place    | Note
-------+----------+-------------------------------------------
     0 | D:1      | Kaptain the Gargoyle Earth Elementalist began the quest for
                  | the Orb.
     0 | D:1      | Reached XP level 1. HP: 10/10 MP: 3/3
    22 | D:1      | Found a faded altar of an unknown god.
   458 | D:1      | Reached XP level 2. HP: 16/16 MP: 0/5
   764 | D:1      | Reached skill level 1 in Conjurations
   767 | D:1      | Reached skill level 1 in Fighting
  1333 | D:1      | Reached XP level 3. HP: 20/20 MP: 6/6
  1337 | D:1      | Learned a level 3 spell: Stone Arrow
  1473 | D:2      | Reached skill level 4 in Earth Magic
  1791 | D:2      | Reached XP level 4. HP: 13/25 MP: 2/7
  2736 | D:3      | Found a runed translucent door.
  2738 | D:3      | Noticed crawlogic's ghost (amateur GrFi)
  2788 | D:3      | Reached skill level 1 in Armour
  2795 | D:3      | Reached XP level 5. HP: 30/30 MP: 3/9
  3263 | D:3      | Identified the +1 helmet of Adabboe {Slay+3}
  3263 | D:3      | Noticed Robin
  3406 | D:3      | Killed Robin
  4322 | D:4      | Noticed Sigmund
  4324 | D:4      | Found an ancient bone altar of Kikubaaqudgha.
  4353 | D:4      | Killed Sigmund
  4354 | D:4      | Reached skill level 5 in Earth Magic
  4354 | D:4      | Reached XP level 6. HP: 28/37 MP: 0/11
  4875 | D:4      | Noticed Pikel
  5100 | D:4      | Killed Pikel
  5101 | D:4      | Reached skill level 6 in Earth Magic
  5101 | D:4      | Reached XP level 7. HP: 43/43 MP: 1/13
  5101 | D:4      | Reached XP level 8. HP: 48/48 MP: 1/14
  5546 | D:5      | Entered Level 5 of the Dungeon
  6160 | D:5      | Identified the +6 scale mail of Watchfulness {Dex+5}
  6238 | D:5      | Found a burning altar of Makhleb.
  6238 | D:5      | Found an iron altar of Okawaru.
  6246 | D:5      | Found a faded altar of an unknown god.
  6248 | D:5      | Found a bloodstained altar of Trog.
  6250 | D:5      | Found a hazy altar of Hepliaklqana.
  6375 | D:6      | Found a staircase to the Ecumenical Temple.
  6476 | D:6      | Found a hide-covered altar of Uskayaw.
  6490 | D:6      | Reached skill level 5 in Fighting
  6617 | D:6      | Found a shimmering altar of Xom.
  6655 | D:6      | Reached skill level 5 in Conjurations
  6663 | D:6      | Reached skill level 7 in Earth Magic
  6678 | D:6      | Reached XP level 9. HP: 35/54 MP: 3/16
  6689 | D:6      | Reached skill level 5 in Spellcasting
  6930 | D:6      | Noticed Eustachio
  6951 | D:6      | Killed Eustachio
  7367 | D:7      | Found a radiant altar of Vehumet.
  7445 | D:7      | Reached skill level 5 in Stealth
  7715 | D:7      | Reached skill level 8 in Earth Magic
  8220 | D:7      | Reached XP level 10. HP: 61/61 MP: 11/19
  8598 | D:8      | Noticed Grum
  8785 | D:8      | Killed Grum
  9061 | D:8      | Found a sparkling altar of Nemelex Xobeh.
  9110 | D:8      | Found a runed translucent gate.
  9110 | D:8      | Found a runed translucent gate.
  9110 | D:8      | Found a runed translucent gate.
  9113 | D:8      | Noticed Laubgeist's ghost (novice DrIE)
  9149 | D:8      | Reached skill level 5 in Armour
  9329 | D:8      | Reached skill level 9 in Earth Magic
 10015 | D:8      | Slain by a wyvern

Illustrated notes

Levels and vault maps discovered:
D:1:      dpeg_arrival_simpleton_c, layout_basic,
          hellmonk_ecumenical_altar_run_dry, minmay_lizard_pond
D:2:      layout_basic
D:3:      minmay_wonky_spiral, layout_basic, ebering_ghost_reflecting_pool,
          minivault_24, uniq_robin
D:4:      layout_rooms, amcnicky_altar_gilded, minmay_crystal_room,
          minmay_crossroads, uniq_sigmund, uniq_pikel
D:5:      layout_rooms, chequers_temple_overflow_minitemple
D:6:      layout_gridville, mainiacjoe_overflow_large_starburst,
          minmay_temple_entry_from_below_a, uniq_eustachio
D:7:      layout_basic, nicolae_vehumet_altar_sigil
D:8:      layout_gridville, mainiacjoe_overflow_alcove_1,
          gammafunk_ghost_nasty_kobolds, uniq_maurice, uniq_grum

Skill      XL: |  1  2  3  4  5  6  7  8  9 10 |
---------------+-------------------------------+-----
Conjurations   | 1 2 4 5 6 7 |  7.7
Fighting       | 1 2 3 4 5 6 7 |  7.8
Earth Magic    | 4 5 6 7 8 9 |  9.4
Armour         | 1 2 3 4 5 |  5.3
Spellcasting   | 3 4 6 |  6.9
Stealth        | 3 4 5 |  5.0
Dodging        | |  1.5
Transmutations | |  0.7

Action                   |  1- 3 |  4- 6 |  7- 9 | 10-12 || total
-------------------------+-------+-------+-------+-------++-------
Melee: Unarmed           |     4 |       |       |       ||     4
       Whip              |    16 |       |    57 |    13 ||    86
       Hand axe          |    26 |       |       |       ||    26
       Short sword       |     8 |    56 |       |       ||    64
       Punch             |       |     3 |       |       ||     3
       Trident           |       |     2 |       |       ||     2
       Rapier            |       |       |       |     3 ||     3
 Cast: Sandblast         |    28 |    63 |    27 |    23 ||   141
       Stone Arrow       |       |    19 |    66 |    68 ||   153
  Use: Scroll            |       |     3 |       |       ||     3
       Potion            |       |       |     1 |     1 ||     2
 Stab: Sleeping          |       |     3 |     2 |       ||     5
Armor: Robe              |    30 |     4 |       |       ||    34
       Leather armour    |       |    35 |     1 |       ||    36
       Steam dragon scal |       |       |    48 |    63 ||   111
Dodge: Dodged            |    34 |    60 |    39 |    69 ||   202
